 Dungeon Crawl Stone Soup version 0.26.1-11-gd32895ea62 (webtiles) character file.

Game seed: 700788864369483713

674 Zeld the Cleaver (level 7, -5/63 HPs)
             Began as a Hill Orc Monk on June 7, 2021.
             Was a Believer of Beogh.
             Shot with an arrow by a centaur (10 damage)
             ... on level 6 of the Dungeon.
             The game lasted 00:05:31 (6797 turns).

Zeld the Cleaver (Hill Orc Monk)                    Turns: 6797, Time: 00:05:32

Health: -5/63      AC:  6    Str: 16      XL:     7   Next: 59%
Magic:  3/7        EV: 13    Int: 10      God:    Beogh [**....]
Gold:   163        SH:  0    Dex:  9 (13) Spells: 6/6 levels left

rFire    . . .     SeeInvis .   a - +0 hand axe
rCold    . . .     Faith    .   (no shield)
rNeg     . . .     Spirit   .   b - +0 robe
rPois    .         Reflect  .   (no helmet)
rElec    .         Harm     .   v - +2 cloak
rCorr    .         Rampage  .   (no gloves)
Will     .....                  q - +0 pair of boots
Stlth    +.........             (no amulet)
HPRegen  0.20/turn              (no ring)
MPRegen  0.10/turn              (no ring)

@: lethally poisoned (-5 -> -6)
A: no striking features
a: Renounce Religion, Smiting


You were on level 6 of the Dungeon.
You worshipped Beogh.
Beogh was pleased with you.
You visited 2 branches of the dungeon, and saw 7 of its levels.

You collected 163 gold pieces.

Inventory:

Hand Weapons
 a - a +0 hand axe (weapon)
Armour
 b - a +0 robe (worn)
 q - a +0 pair of boots (worn)
 v - a +2 cloak (worn)
Jewellery
 y - an uncursed amulet of regeneration {unknown}
 z - an uncursed ring of protection from fire {unknown}
 C - an uncursed ring of ice {unknown}
Wands
 A - a wand of polymorph (7)
Scrolls
 d - a scroll of enchant weapon
 i - 2 scrolls of fear
 n - a scroll of blinking {unknown}
 o - a scroll of teleportation {unknown}
 r - 2 scrolls of fog {unknown}
 t - 7 scrolls of remove curse {unknown}
 w - a scroll of magic mapping {unknown}
Potions
 c - 2 potions of might {unknown}
 g - a potion of magic {unknown}
 j - a potion of lignification {unknown}
 k - 2 potions of curing {unknown}
 l - a potion of brilliance {unknown}
 p - a potion of haste {unknown}
 s - a potion of degeneration {unknown}
 u - 2 potions of berserk rage {unknown}
 x - 2 potions of resistance {unknown}
 B - a potion of ambrosia {unknown}


   Skills:
 + Level 6.0 Fighting
 * Level 8.5 Axes
 + Level 4.1 Dodging
 - Level 1.5 Stealth


You had 6 spell levels left.
You didn't know any spells.
Your spell library was empty.

Dungeon Overview and Level Annotations

Branches:
Dungeon (6/15)             Temple (1/1) D:5

Altars:
Ashenzari
Cheibriados
Dithmenos
Elyvilon
Fedhas
Gozag
Kikubaaqudgha
Makhleb
Nemelex Xobeh
Okawaru
Qazlal
Ru
Sif Muna
Uskayaw
Vehumet
Wu Jian
Xom
Yredelemnul
Zin


Message History

Items here: )) [[ ††.
You start resting.
You feel sick. x6
A centaur comes into view.
The centaur shouts!
The centaur wields a +0 shortbow.
The centaur shoots an arrow.
The arrow barely misses you.
A centaur is nearby!
You feel sick.
The centaur shoots an arrow.
The arrow completely misses you.
The centaur shoots an arrow.
The arrow barely misses you.
Items here: )) [ †.
A centaur is nearby!
A centaur is nearby!
A centaur is nearby!
A centaur is nearby!
The centaur shoots an arrow.
The arrow closely misses you.
You feel sick.
The centaur shoots an arrow.
The arrow hits you!
* * * LOW HITPOINT WARNING * * *
Items here: ( )) [[ ††.
You feel sick.
The centaur shoots an arrow.
The arrow hits you!
You die... #.############### ......c..).(....# ..###.#######@#.# .. #.#.# oo#

#.#.# .. #.#.# .
#.#.#
#.#(#########
#.#.....?...#
#.#..######.######
.....# #.........#


You could see a centaur.

Vanquished Creatures
  A phantom (D:4)
  A centaur (D:5)
  A quasit (D:5)
  3 hounds (D:5)
  A jelly (D:6)
  A centaur skeleton (D:4)
  An orc priest (D:3)
  2 orc wizards (D:6)
  Jessica (D:2)
  An iguana (D:3)
  2 worker ants (D:5)
  A hound skeleton (D:4)
  A worker ant zombie (D:5)
  7 adders
  3 adder skeletons
  3 worms
  A dart slug (D:4)
  3 leopard geckos
  2 orcs (D:6)
  3 giant cockroaches (D:2)
  2 goblins (D:3)
  4 hobgoblins
  4 jackals (D:3)
  4 kobolds
  2 quokkas
  2 ball pythons
  7 bats
  6 frilled lizards
  A leopard gecko zombie (D:5)
  3 rats (D:3)
74 creatures vanquished.

Vanquished Creatures (others)
  An orc (D:3)
1 creature vanquished.

Grand Total: 75 creatures vanquished

Notes
Turn   | Place    | Note
-------+----------+-------------------------------------------
     0 | D:1      | Zeld the Hill Orc Monk began the quest for the Orb.
     0 | D:1      | Reached XP level 1. HP: 19/19 MP: 1/1
   198 | D:2      | Found a blossoming altar of Fedhas.
   203 | D:2      | Reached XP level 2. HP: 19/27 MP: 2/2
   417 | D:2      | Reached XP level 3. HP: 5/33 MP: 3/3
  1123 | D:3      | Reached skill level 5 in Axes
  1304 | D:3      | Became a worshipper of Beogh the Brigand
  1304 | D:3      | Reached * piety under Beogh
  1304 | D:3      | Reached ** piety under Beogh
  1325 | D:3      | Reached XP level 4. HP: 8/40 MP: 4/4
  2470 | D:2      | Found an opulent altar of Gozag.
  2683 | D:2      | Noticed Jessica
  2703 | D:2      | Killed Jessica
  3910 | D:3      | Reached skill level 6 in Axes
  3910 | D:3      | Reached XP level 5. HP: 46/47 MP: 5/5
  4256 | D:4      | Noticed a phantom
  4582 | D:4      | Killed a phantom
  4583 | D:4      | Reached skill level 5 in Fighting
  4583 | D:4      | Reached XP level 6. HP: 45/56 MP: 3/6
  4814 | D:4      | Reached skill level 7 in Axes
  4914 | D:4      | Found an opulent altar of Gozag.
  4916 | D:4      | Found a shimmering altar of Xom.
  4916 | D:4      | Found a snail-covered altar of Cheibriados.
  4918 | D:4      | Found a shimmering altar of Xom.
  4918 | D:4      | Found an iron altar of Okawaru.
  4918 | D:4      | Found a sacrificial altar of Ru.
  4973 | D:4      | Found a shimmering blue altar of Sif Muna.
  5342 | D:5      | Entered Level 5 of the Dungeon
  5779 | D:5      | Reached XP level 7. HP: 46/61 MP: 7/7
  5986 | D:5      | Reached skill level 8 in Axes
  6072 | D:5      | Found a staircase to the Ecumenical Temple.
  6111 | Temple   | Entered the Ecumenical Temple
  6797 | D:6      | Shot with an arrow by a centaur

Illustrated notes

Levels and vault maps discovered:
D:1:      dpeg_arrival_line_fractal, layout_basic, skrybe_limestone_x,
          minivault_25
D:2:      layout_basic, fedhas_altar_fruit_tree, grunt_decor_resistance,
          grunt_gozag_statues, uniq_jessica
D:3:      layout_loops_corners, minmay_misc_feat_rugged
D:4:      layout_rooms, overflow_temple_1_default, doesnt_xom_only_xom
D:5:      layout_cave_pools, minmay_temple_entry_butterflies
D:6:      layout_loops_ring, portal_sewer_entry_a, gammafunk_ghost_stat_death
Temple:   minmay_crystal_spiral_temple

Skill      XL: |  1  2  3  4  5  6  7 |
---------------+----------------------+-----
Fighting       | 4 5 6 |  6.0
Axes           | 5 6 7 8 |  8.5
Dodging        | 3 4 |  4.1
Stealth        | |  1.5

Action                   |  1- 3 |  4- 6 |  7- 9 || total
-------------------------+-------+-------+-------++-------
Melee: Hand axe          |    79 |   266 |    86 ||   431
Invok: Convert to Beogh  |     1 |       |       ||     1
       Smiting           |       |     3 |     2 ||     5
  Use: Scroll            |       |       |     5 ||     5
 Stab: Sleeping          |     2 |     4 |       ||     6
Armor: Robe              |    24 |    74 |    46 ||   144
Dodge: Dodged            |    73 |   177 |    86 ||   336
